 Dungeon Crawl Stone Soup version bcrawl-1.13.2 (webtiles) character file.

Game seed: 8007443743491352785

1997 cirnu the Chopper (level 9, -23/102 HPs)
             Began as a Demonspawn Chaos Knight on Aug 8, 2019.
             Was a Plaything of Xom.
             Annihilated by an alligator snapping turtle (glowing shapeshifter) (38 damage)
             ... on level 6 of the Dungeon.
             The game lasted 00:16:12 (3792 turns).

cirnu the Chopper (Demonspawn Chaos Knight)         Turns: 3792, Time: 00:16:12

Health: -23/102    AC: 24    Str: 14 (15) XL:     9   Next: 2%
Magic:  9/9        EV:  2    Int: 14      God:    Xom [...*..]
Gold:   251        SH:  0    Dex: 15      Spells: 8/8 levels left

rFire    . . .     SeeInvis .   a - +0 hand axe (chaos)
rCold    + . .     Gourm    .   (no shield)
rNeg     + + +     Faith    +   (armour currently unavailable)
rPois    +         Spirit   .   (helmet currently unavailable)
rElec    .         Reflect  .   (cloak currently unavailable)
rCorr    .         Harm     .   (gloves currently unavailable)
MR       .....     NoTele   +   (boots currently unavailable)
Stlth    ++........             j - amulet of faith
HPRegen  0.27/turn              f - ring of poison resistance
MPRegen  0.11/turn              n - ring of protection from cold

@: tree-form
A: agile 1, blurry vision 1, deterioration 1
a: Renounce Religion


You were on level 6 of the Dungeon.
You worshipped Xom.
You were a favourite toy of Xom.
You were not hungry.
You were a tree.
You visited 2 branches of the dungeon, and saw 7 of its levels.

You collected 251 gold pieces.

Inventory:

Hand Weapons
 a - a +0 hand axe of chaos (weapon)
Armour
 e - a +2 pair of gloves (melded)
 h - a +1 pair of boots (melded)
 m - a +1 hat (melded)
 p - a +2 leather armour of fire resistance (melded)
Jewellery
 f - a ring of poison resistance (left branch)
 j - an amulet of faith (around neck)
 n - a ring of protection from cold (right branch)
 r - an uncursed ring of protection from cold
Wands
 o - a wand of polymorph (4)
 w - a wand of disintegration (14)
Scrolls
 b - 2 scrolls of teleportation
 g - 8 scrolls of remove curse
 k - 2 scrolls of magic mapping
 s - 2 scrolls of identify
 t - 2 scrolls of fear {unknown}
 u - a scroll of fog
Potions
 i - 2 potions of brilliance
 l - 3 potions of flight
 q - a potion of lignification
Comestibles
 c - 11 rations {!d}


   Skills:
 + Level 5.5 Fighting
 + Level 7.9 Axes
 + Level 3.8 Armour
 + Level 4.5 Dodging
 + Level 3.2 Stealth


You had 8 spell levels left.
You didn't know any spells.
Your spell library was empty.

Dungeon Overview and Level Annotations

Branches:
Dungeon (6/12)             Temple (1/1) D:5

Altars:
Ashenzari
Cheibriados
Dithmenos
Elyvilon
Fedhas
Hepliaklqana
Kikubaaqudgha
Lugonu
Makhleb
Nemelex Xobeh
Okawaru
Qazlal
Ru
Sif Muna
Trog
Uskayaw
Vehumet
Wu Jian
Xom
Yredelemnul
The Shining One


Innate Abilities, Weirdness & Mutations

((You have a pair of small horns on your head.))
((You are partially covered in yellow scales. (AC +2)))
You are agile. (Dex +2)
Scrolls take you a little longer to read.
Your body sometimes deteriorates upon taking damage.


Message History

The worker ant is almost dead.
The worker ant bites you but does no damage.
The worker ant bites you.
* * * LOW HITPOINT WARNING * * *
You hit the worker ant.
The worker ant is poisoned.
The worker ant is almost dead.
You kill the worker ant!
You cannot move.
You cannot move.
Okay, then.
The stone giant laughs at nothing.
You cannot move.
You hit the stone giant but do no damage.
The stone giant is poisoned.
The stone giant is lightly wounded.
You cannot move.
The stone giant changes into an alligator snapping turtle!
The alligator snapping turtle bites you from afar!!!
You die...
Xom is highly amused!

####### #.....# #.###.##
#.#....# #.#.#..#
############# #.#.#..####
#...........###.#....#<.#
#.>.......♣.....####.##.###
#..⌠.⌠......##### #....#.#
#..._....t..###########....
...⌠.⌠............).(......
#.......#######.#######.#.#
#.......# ........[#....
#######.# ## #.........#
######.# +......##.#
#!..?..# #..........


You could see an alligator snapping turtle shaped shifter.

Vanquished Creatures
  Sigmund (D:2)
  4 ogres
  3 phantoms
  A centaur (D:3)
  A bullfrog (D:4)
  3 scorpions
  A howler monkey (D:5)
  A crimson imp (D:4)
  2 hounds (D:4)
  An orc priest (D:6)
  2 jellies
  3 orc wizards
  Ijyb (D:3)
  An iguana (D:5)
  5 worker ants
  2 gnolls (D:3)
  A gnoll (shapeshifter) (D:2)
  3 adders
  An ooze (D:5)
  An adder skeleton (D:4)
  An adder zombie (D:6)
  4 worms
  3 dart slugs
  5 leopard geckos
  15 orcs
  3 ball pythons
  2 giant cockroaches
  7 goblins
  8 hobgoblins
  6 jackals (D:3)
  5 quokkas
  6 bats
  4 frilled lizards
  13 kobolds
  7 rats
127 creatures vanquished.

Vanquished Creatures (collateral kills)
  A hippogriff (D:6)
  2 orc warriors
  An ogre (D:3)
  An orc priest (D:4)
  A gnoll (D:3)
  An orc (D:3)
  A bat (D:3)
  A jackal (D:3)
  2 rats (D:3)
11 creatures vanquished.

Grand Total: 138 creatures vanquished

Notes
Turn   | Place    | Note
-------+----------+-------------------------------------------
     0 | D:1      | cirnu the Demonspawn Chaos Knight began the quest for the
                  | Orb.
     0 | D:1      | Reached XP level 1. HP: 18/18 MP: 1/1
   114 | D:1      | Reached skill level 1 in Dodging
   161 | D:1      | Gained mutation: You are partially covered in yellow
                  | scales. (AC +2) [demonic ancestry]
   161 | D:1      | Reached XP level 2. HP: 24/24 MP: 2/2
   223 | D:1      | XOM: harmless Fire miscast
   369 | D:1      | Reached skill level 3 in Axes
   604 | D:2      | Reached XP level 3. HP: 22/29 MP: 3/3
   630 | D:2      | Found a faded altar of an unknown god.
   778 | D:2      | Noticed Sigmund
   787 | D:2      | XOM: mild Chrm miscast
   788 | D:2      | Killed Sigmund
   788 | D:2      | Reached skill level 4 in Axes
   788 | D:2      | Reached XP level 4. HP: 25/37 MP: 4/4
   788 | D:2      | Reached XP level 5. HP: 28/42 MP: 5/5
   965 | D:2      | Found a stormy altar of Qazlal.
  1291 | D:3      | XOM: summons friendly quasit
  1381 | D:3      | Noticed an ogre
  1391 | D:3      | Killed an ogre
  1391 | D:3      | Reached XP level 6. HP: 16/48 MP: 6/6
  1447 | D:3      | XOM: cast spell 'Leda's Liquefaction'
  1455 | D:3      | Reached skill level 5 in Axes
  1480 | D:3      | Found a glowing golden altar of the Shining One.
  1547 | D:3      | Noticed Ijyb
  1550 | D:3      | XOM: summons friendly shadow imp
  1571 | D:3      | Killed Ijyb
  1725 | D:3      | Reached XP level 7. HP: 31/54 MP: 7/7
  1801 | D:3      | XOM: scenery: create altars
  1813 | D:3      | Reached skill level 1 in Stealth
  1906 | D:4      | Found a white marble altar of Elyvilon.
  1907 | D:4      | Found an ornate altar of the Wu Jian Council.
  1967 | D:4      | XOM: scenery: 1 doors close
  1970 | D:4      | Reached skill level 6 in Axes
  1982 | D:4      | XOM: 1-stop teleportation journey
  2046 | D:4      | XOM: scenery: 1 doors open, 1 doors close
  2105 | D:4      | XOM: scenery: 2 doors open
  2110 | D:4      | XOM: cast spell 'Summon Horrible Things'
  2171 | D:4      | XOM: 1-stop teleportation journey
  2350 | D:5      | Entered Level 5 of the Dungeon
  2399 | D:5      | Found a staircase to the Ecumenical Temple.
  2438 | Temple   | Entered the Ecumenical Temple
  2496 | Temple   | XOM: 1-stop teleportation journey
  2615 | D:5      | XOM: cleaving
  2616 | D:5      | XOM: divination: detect creatures
  2636 | D:5      | Gained mutation: You have a pair of small horns on your
                  | head. [demonic ancestry]
  2636 | D:5      | Reached XP level 8. HP: 48/61 MP: 8/8
  2655 | D:5      | XOM: mild Pois miscast
  2664 | D:5      | XOM: 4-stop teleportation journey
  2671 | D:5      | Found a shadowy altar of Dithmenos.
  2825 | D:5      | Reached skill level 5 in Fighting
  2902 | D:5      | XOM: mild Erth miscast
  2985 | D:5      | XOM: give mutation
  2985 | D:5      | Gained mutation: You are clumsy. (Dex -2) [Xom's mischief]
  3109 | D:5      | Reached skill level 7 in Axes
  3167 | D:5      | Found a bloodstained altar of Trog.
  3171 | D:5      | XOM: draining
  3250 | D:6      | XOM: summons 4 friendly demons
  3255 | D:6      | Noticed a hippogriff
  3260 | D:6      | XOM: harmless Conj miscast
  3265 | D:6      | XOM: scenery: create altars
  3275 | D:6      | Lost mutation: You are clumsy. (Dex -2) [potion of
                  | mutation]
  3275 | D:6      | Gained mutation: Your body sometimes deteriorates upon
                  | taking damage. [potion of mutation]
  3275 | D:6      | Gained mutation: Scrolls take you a little longer to read.
                  | [potion of mutation]
  3275 | D:6      | Gained mutation: You are agile. (Dex +2) [potion of
                  | mutation]
  3284 | D:6      | Killed a hippogriff
  3383 | D:6      | XOM: cloud trail
  3414 | D:6      | Found a blossoming altar of Fedhas.
  3422 | D:6      | Found a shattered altar of Ashenzari.
  3435 | D:6      | XOM: medium Tloc miscast
  3435 | D:6      | HP: 3/62 [something (19)]
  3605 | D:6      | Found a deep blue altar of Sif Muna.
  3662 | D:6      | XOM: chaos upgrade
  3664 | D:6      | XOM: chaos cloud
  3732 | D:6      | Found a sparkling altar of Nemelex Xobeh.
  3747 | D:6      | Noticed a sphinx
  3751 | D:6      | Noticed a dire elephant
  3751 | D:6      | a sphinx changed into a dire elephant
  3752 | D:6      | Reached XP level 9. HP: 61/68 MP: 9/9
  3752 | D:6      | Noticed a fire giant
  3752 | D:6      | a dire elephant changed into a fire giant
  3754 | D:6      | Noticed a frost giant
  3754 | D:6      | a fire giant changed into a frost giant
  3755 | D:6      | XOM: enchant monster (good)
  3755 | D:6      | Noticed an iron dragon
  3755 | D:6      | a frost giant changed into an iron dragon
  3756 | D:6      | XOM: mild Hex miscast
  3760 | D:6      | XOM: torment (33/68 hp)
  3760 | D:6      | Noticed a shadow dragon
  3760 | D:6      | an iron dragon changed into a shadow dragon
  3765 | D:6      | Noticed a sphinx
  3765 | D:6      | a shadow dragon changed into a sphinx
  3768 | D:6      | Noticed a quicksilver dragon
  3768 | D:6      | a sphinx changed into a quicksilver dragon
  3772 | D:6      | XOM: stat loss: -1 Str (14/15)
  3773 | D:6      | Noticed a fire giant
  3773 | D:6      | a quicksilver dragon changed into a fire giant
  3774 | D:6      | XOM: divination: detect creatures
  3779 | D:6      | Noticed a golden dragon
  3779 | D:6      | a fire giant changed into a golden dragon
  3782 | D:6      | Noticed a stone giant
  3782 | D:6      | a golden dragon changed into a stone giant
  3783 | D:6      | XOM: confuse monster(s)
  3790 | D:6      | Noticed an alligator snapping turtle
  3790 | D:6      | a stone giant changed into an alligator snapping turtle
  3792 | D:6      | Annihilated by an alligator snapping turtle (glowing
                  | shapeshifter)

Skill      XL: |  1  2  3  4  5  6  7  8 |
---------------+-------------------------+-----
Dodging        | 1 2 3 4 |  4.5
Armour         | 2 3 |  3.8
Axes           | 3 4 5 6 7 |  7.9
Fighting       | 4 5 |  5.5
Stealth        | 2 3 |  3.2

Action                   |  1- 3 |  4- 6 |  7- 9 || total
-------------------------+-------+-------+-------++-------
Melee: Hand axe          |   119 |   139 |   238 ||   496
       Headbutt          |       |       |    13 ||    13
  Use: Scroll            |     4 |     1 |     4 ||     9
       Potion            |     2 |     1 |     7 ||    10
 Stab: Paralysed         |       |     1 |     4 ||     5
       Sleeping          |       |     1 |     2 ||     3
       Confused          |       |       |     4 ||     4
       Petrifying        |       |       |     1 ||     1
  Eat: Chunk             |       |     1 |     1 ||     2
       Ration            |       |     1 |     2 ||     3
Armor: Leather armour    |   108 |    45 |    83 ||   236
       Skin              |       |       |    35 ||    35
Dodge: Dodged            |    73 |    90 |   141 ||   304
